 Dungeon Crawl Stone Soup version 0.26-a0-597-gb535b0901c (webtiles) character file.

Game seed: 2280073111271399081

415 Hores the Digger (level 6, -4/32 HPs)
             Began as a Gargoyle Earth Elementalist on Aug 26, 2020.
             Slain by an orc warrior
             ... wielding a +0 long sword
              (18 damage)
             ... on level 3 of the Dungeon.
             The game lasted 00:06:29 (3595 turns).

Hores the Digger (Gargoyle Earth Elementalist)      Turns: 3595, Time: 00:06:29

Health: -4/32      AC:  7    Str: 11    XL:     6   Next: 91%
Magic:  17/21      EV: 12    Int: 18    God:
Gold:   159        SH:  5    Dex: 10    Spells: 4/13 levels left

rFire    + . .     SeeInvis .   e - +0 short sword
rCold    + . .     Faith    .   (no shield)
rNeg     + . .     Spirit   .   c - +1 robe
rPois    ∞         Reflect  +   (no helmet)
rElec    +         Harm     .   f - scarf {rC+ rF+}
rCorr    .                      (no gloves)
MR       .....                  (no boots)
Stlth    ++........             g - amulet of reflection
HPRegen  0.10/turn              d - ring of magical power
MPRegen  0.17/turn              (no ring)

@: no status effects
A: negative energy resistance 1, electricity resistance, unbreathing,
petrification resistance, rot immunity, AC +4
a: no special abilities


You were on level 3 of the Dungeon.
You visited 1 branch of the dungeon, and saw 3 of its levels.

You collected 159 gold pieces.

Inventory:

Hand Weapons
 e - a +0 short sword (weapon)
Missiles
 b - 10 stones (quivered)
Armour
 c - a +1 robe (worn)
 f - a scarf of resistance (worn)
Jewellery
 d - a ring of magical power (left hand)
 g - an amulet of reflection (around neck)
Wands
 n - a wand of flame (14)
Scrolls
 a - a scroll of remove curse
 h - a scroll of magic mapping
Potions
 i - a potion of brilliance
 j - a potion of curing
 k - a potion of lignification
 l - a potion of might {unknown}
 m - a potion of mutation {unknown}
 o - a potion of resistance {unknown}


   Skills:
 - Level 1.5 Dodging
 - Level 2.1 Stealth
 + Level 4.2 Spellcasting
 + Level 3.6 Conjurations
   Level 0.7 Transmutations
 + Level 6.1 Earth Magic


You had 4 spell levels left.
You knew the following spells:

 Your Spells              Type           Power        Failure   Level
a - Sandblast             Erth           ####..       1%          1
b - Stone Arrow           Conj/Erth      ###...       6%          3
c - Lee's Rapid Deconstr  Erth           ####......   32%         5

Your spell library contained the following spells:

 Spells                   Type           Power        Failure   Level
 Passwall                 Tmut/Erth      ###.....     5%          2
 Petrify                  Tmut/Erth      ###.....     34%         4


Dungeon Overview and Level Annotations

Branches:
Dungeon (3/15)

Altars:


Innate Abilities, Weirdness & Mutations

You are resistant to torment.
Your stone body is resilient. (AC +4)
You are immune to poison.
You resist negative energy. (rN+)
You are resistant to electric shocks. (rElec)
You can survive without breathing.
You are immune to petrification.
You are immune to rotting.


Message History

Aim: an orc warrior, wielding a +0 long sword and wearing a +0 plate armour (moderately wounded)
The puff of flame misses the orc warrior.
The orc warrior closely misses you.
Evoke which item? (* to show all) (? for menu, Esc to quit)
Aiming: Throw Flame
Press: ? - help, Shift-Dir - straight line, f/p - orc warrior
Aim: an orc warrior, wielding a +0 long sword and wearing a +0 plate armour (moderately wounded)
The puff of flame hits the orc warrior.
The orc warrior is moderately wounded.
The orc warrior hits you with a +0 long sword!
Casting: Sandblast (safe; 1% risk of failure)
Confirm with . or Enter, or press ? or * to list all spells.
Aiming: Stone Arrow (dangerous; 6% risk of failure)
Press: ? - help, Shift-Dir - straight line, f/p - orc warrior
Aim: an orc warrior, wielding a +0 long sword and wearing a +0 plate armour (moderately wounded)
The stone arrow hits the orc warrior but does no damage.
The orc warrior is moderately wounded.
The orc warrior hits you with a +0 long sword!!
Ouch! That really hurt!
You die...

###################**********
................>..,,,,,,,,,*
###########(######*********,*
#.# *,* #.# *,* #.# *,*
#.######## *,* #....)@o.# *,*
#..#####.# *,* #..#
#.#*******,* #..#
#)b.ob...,,* ######## #..#
#########*** .......# #..#
.#####.# #..# .....#,* #..#
..##.#,* *,,*


You could see an orc warrior.

Vanquished Creatures
  Grinder (D:3)
  A scorpion (D:2)
  An orc wizard (D:3)
  Ijyb (D:3)
  Terence (D:2)
  A gnoll (D:1)
  2 adders (D:3)
  An ooze (D:1)
  A worm (D:2)
  2 dart slugs
  A leopard gecko (D:1)
  3 orcs (D:3)
  2 ball pythons (D:1)
  2 goblins
  4 hobgoblins
  2 quokkas (D:3)
  10 bats
  4 frilled lizards
  7 kobolds
  2 rats
49 creatures vanquished.

Notes
Turn   | Place    | Note
-------+----------+-------------------------------------------
     0 | D:1      | Hores the Gargoyle Earth Elementalist began the quest for
                  | the Orb.
     0 | D:1      | Reached XP level 1. HP: 10/10 MP: 3/3
   333 | D:1      | Reached skill level 4 in Earth Magic
   333 | D:1      | Reached XP level 2. HP: 15/15 MP: 3/5
   732 | D:1      | Reached XP level 3. HP: 12/19 MP: 2/7
   737 | D:1      | Learned a level 3 spell: Stone Arrow
  1395 | D:2      | Noticed Terence
  1467 | D:2      | Killed Terence
  1467 | D:2      | Reached skill level 1 in Conjurations
  1467 | D:2      | Reached XP level 4. HP: 11/24 MP: 1/8
  1808 | D:2      | Reached skill level 5 in Earth Magic
  1808 | D:2      | Reached XP level 5. HP: 6/28 MP: 5/9
  2054 | D:2      | Learned a level 5 spell: Lee's Rapid Deconstruction
  3035 | D:3      | Noticed Grinder
  3059 | D:3      | Killed Grinder
  3059 | D:3      | Reached XP level 6. HP: 17/32 MP: 8/12
  3285 | D:3      | Noticed Ijyb
  3300 | D:3      | Killed Ijyb
  3300 | D:3      | Reached skill level 6 in Earth Magic
  3589 | D:3      | Noticed an orc warrior
  3595 | D:3      | Slain by an orc warrior

Illustrated notes

Levels and vault maps discovered:
D:1:      psy_arrival_heroes, layout_basic
D:2:      layout_basic, uniq_terence
D:3:      layout_basic, uniq_grinder, uniq_ijyb

Skill      XL: |  1  2  3  4  5  6 |
---------------+-------------------+-----
Earth Magic    | 4 5 6 |  6.1
Conjurations   | 1 2 3 |  3.6
Spellcasting   | 3 4 |  4.2
Dodging        | |  1.5
Stealth        | |  2.1
Transmutations | |  0.7

Action                   |  1- 3 |  4- 6 || total
-------------------------+-------+-------++-------
Melee: Unarmed           |     7 |       ||     7
       Short sword       |    69 |   111 ||   180
 Cast: Sandblast         |    30 |    38 ||    68
       Stone Arrow       |       |     2 ||     2
Evoke: Wand              |       |     5 ||     5
  Use: Scroll            |     2 |     8 ||    10
 Stab: Sleeping          |     2 |     4 ||     6
Armor: Robe              |    28 |    52 ||    80
Dodge: Dodged            |    63 |    76 ||   139
Block: Other             |       |    17 ||    17

Table legend: (Time is in decaauts)
 A = Elapsed time spent in this place.
 B = Non-inter-level travel time spent in this place.
 C = Inter-level travel time spent in this place.
 D = Time resting spent in this place.
 E = Time spent auto-exploring this place.
 F = Levels seen in this place.
 G = Mean time per level.
                   A        B        C        D        E       F      G
               +--------+--------+--------+--------+--------+-----+--------+
         Total |   3612 |   3427 |    185 |   1282 |   1510 |   3 | 1204.0 |
       Dungeon |   3612 |   3427 |    185 |   1282 |   1510 |   3 | 1204.0 |
               +--------+--------+--------+--------+--------+-----+--------+

Top non-repeatable levels by time:
     D:2: 1566 daAuts
     D:1: 1277 daAuts
     D:3: 769 daAuts
